TOP OF THE 1ST |
York Revolution batting - Pitching for Canton Indians : RHP John Bychyk
|
Pitching: RHP John Bychyk
|
|
Batting: LHB Matt Urbanek
|
0-0: Called Strike 0-1: Swinging Strike 0-2: Ball 1-2: Ball 2-2: Ground out 4-3 (Groundball, 4, EV 88.1 MPH)
|
Batting: RHB Juan Valadez
|
0-0: Ball 1-0: Ball 2-0: Foul Ball, location: 2F 2-1: Foul Ball, location: 2F 2-2: Ball 3-2: Fly out, F9 (Flyball, 9D, EV 88.8 MPH)
|
Batting: RHB Tony Perez
|
0-0: Called Strike 0-1: Foul Ball, location: 2F 0-2: Ball 1-2: Fly out, F9 (Flyball, 9LM, EV 93.8 MPH)
|
Top of the 1st over - 0 runs, 0 hits, 0 errors, 0 left on base; York 0 - Canton 0 |
BOTTOM OF THE 1ST |
Canton Indians batting - Pitching for York Revolution : RHP Jamie Gordam
|
Pitching: RHP Jamie Gordam
|
|
Batting: RHB George Wagner
|
0-0: Ball 1-0: Called Strike 1-1: Ball 2-1: Foul Ball, location: 2F 2-2: Fly out, F8 (Flyball, 89D, EV 101.2 MPH)
|
Batting: RHB Aaron Stout
|
0-0: Swinging Strike 0-1: Foul Ball, location: 2F 0-2: Fly out, F9 (Flyball, 89M, EV 82.5 MPH)
|
Batting: RHB Adam McMillen
|
0-0: Ball 1-0: Called Strike 1-1: Ball 2-1: Swinging Strike 2-2: SOLO HOME RUN (Flyball, 7D, EV 106.9 MPH), Distance : 381 ft
|
Batting: LHB Sergei Stefanov
|
0-0: Ball 1-0: Swinging Strike 1-1: Ball 2-1: Ground out 4-3 (Groundball, 4MD, EV 98.1 MPH)
|
Bottom of the 1st over - 1 run, 1 hit, 0 errors, 0 left on base; York 0 - Canton 1 |
TOP OF THE 2ND |
York Revolution batting - Pitching for Canton Indians : RHP John Bychyk
|
Batting: RHB Jose Corral
|
0-0: Ball 1-0: Called Strike 1-1: Called Strike 1-2: Foul Ball, location: 2F 1-2: Ball 2-2: Ground out 6-3 (Groundball, 6, EV 80.6 MPH)
|
Batting: RHB Trent Hedrick
|
0-0: Foul Ball, location: 2F 0-1: Ground out 5-3 (Groundball, 56, EV 105.0 MPH)
|
Batting: SHB Steve DeRienzo
|
0-0: Called Strike 0-1: Ball 1-1: Ball 2-1: Called Strike 2-2: Foul Ball, location: 2F 2-2: Foul Ball, location: 2F 2-2: Fly out, F9 (Line Drive, 9, EV 85.6 MPH)
|
Top of the 2nd over - 0 runs, 0 hits, 0 errors, 0 left on base; York 0 - Canton 1 |
BOTTOM OF THE 2ND |
Canton Indians batting - Pitching for York Revolution : RHP Jamie Gordam
|
Batting: RHB Patrick Pinault
|
0-0: Called Strike 0-1: Foul Ball, location: 2F 0-2: Ball 1-2: Ground out 5-3 (Groundball, 5L, EV 102.5 MPH)
|
Batting: RHB Tacito Carreiro
|
0-0: Ball 1-0: Foul Ball, location: 2F 1-1: Ball 2-1: Foul Ball, location: 2F 2-2: Foul Ball, location: 2F 2-2: Ball 3-2: Foul Ball, location: 2F 3-2: Fly out, F8 (Line Drive, 8RM, EV 95.6 MPH)
|
Batting: RHB Bill Ortiz
|
0-0: Called Strike 0-1: Ground out 4-3 (Groundball, 34, EV 90.6 MPH)
|
Bottom of the 2nd over - 0 runs, 0 hits, 0 errors, 0 left on base; York 0 - Canton 1 |
TOP OF THE 3RD |
York Revolution batting - Pitching for Canton Indians : RHP John Bychyk
|
Batting: RHB Eddie Serna
|
0-0: Ball 1-0: Fly out, F3 (Popup, 3D, EV 75.6 MPH)
|
Batting: LHB Travis Hahn
|
0-0: Ball 1-0: Swinging Strike 1-1: Ball 2-1: Ball 3-1: Swinging Strike 3-2: Strikes out swinging
|
Batting: RHB Alexis Graciani
|
0-0: Ball 1-0: Foul Ball, location: 2F 1-1: Ball 2-1: Ball 3-1: Foul Ball, location: 2F 3-2: Base on Balls
|
Batting: LHB Matt Urbanek
|
0-0: Foul Ball, location: 2F 0-1: Ball 1-1: Ball 2-1: Ball 3-1: Foul Ball, location: 2F 3-2: Base on Balls Alexis Graciani to second
|
Batting: RHB Juan Valadez
|
0-0: SINGLE (Flyball, 56D, EV 83.8 MPH) Alexis Graciani to third Matt Urbanek to second
|
Batting: RHB Tony Perez
|
0-0: Foul Ball, location: 2F 0-1: Called Strike 0-2: Foul Ball, location: 2F 0-2: Foul Ball, location: 2F 0-2: Foul Ball, location: 2F 0-2: Fly out, F9 (Flyball, 9D, EV 96.2 MPH)
|
Top of the 3rd over - 0 runs, 1 hit, 0 errors, 3 left on base; York 0 - Canton 1 |
BOTTOM OF THE 3RD |
Canton Indians batting - Pitching for York Revolution : RHP Jamie Gordam
|
Batting: RHB Xavier Bartolani
|
0-0: Ball 1-0: Ball 2-0: Foul Ball, location: 2F 2-1: Ball 3-1: Base on Balls
|
Batting: RHB Tony Gonzales
|
0-0: Swinging Strike 0-1: Foul Ball, location: 2F 0-2: Ball 1-2: Ball 2-2: Strikes out swinging
|
Batting: RHB George Wagner
|
0-0: Ball 1-0: Ball 2-0: Ball 3-0: Base on Balls Xavier Bartolani to second
|
Batting: RHB Aaron Stout
|
0-0: Ball 1-0: Grounds into double play, 4-6-3 (Groundball, 4, EV 81.9 MPH)
|
Bottom of the 3rd over - 0 runs, 0 hits, 0 errors, 1 left on base; York 0 - Canton 1 |
TOP OF THE 4TH |
York Revolution batting - Pitching for Canton Indians : RHP John Bychyk
|
Batting: RHB Jose Corral
|
0-0: Ball 1-0: Called Strike 1-1: Fly out, F9 (Flyball, 9D, EV 110.6 MPH)
|
Batting: RHB Trent Hedrick
|
0-0: Ball 1-0: Ball 2-0: Called Strike 2-1: Foul Ball, location: 2F 2-2: Ball 3-2: Foul Ball, location: 2F 3-2: Ground out 6-3 (Groundball, 6, EV 98.1 MPH)
|
Batting: SHB Steve DeRienzo
|
0-0: Ball 1-0: Foul Ball, location: 2F 1-1: Ball 2-1: Foul Ball, location: 2F 2-2: Foul Ball, location: 2F 2-2: Ball 3-2: Fly out, F9 (Flyball, 9D, EV 108.1 MPH)
|
Top of the 4th over - 0 runs, 0 hits, 0 errors, 0 left on base; York 0 - Canton 1 |
BOTTOM OF THE 4TH |
Canton Indians batting - Pitching for York Revolution : RHP Jamie Gordam
|
Batting: RHB Adam McMillen
|
0-0: Ball 1-0: Called Strike 1-1: Ball 2-1: Called Strike 2-2: Strikes out swinging
|
Batting: LHB Sergei Stefanov
|
0-0: Fly out, F9 (Line Drive, 9S, EV 91.9 MPH)
|
Batting: RHB Patrick Pinault
|
0-0: Fly out, F7 (Flyball, 7S, EV 88.1 MPH)
|
Bottom of the 4th over - 0 runs, 0 hits, 0 errors, 0 left on base; York 0 - Canton 1 |
TOP OF THE 5TH |
York Revolution batting - Pitching for Canton Indians : RHP John Bychyk
|
Batting: RHB Eddie Serna
|
0-0: Fly out, F8 (Flyball, 8LD, EV 88.8 MPH)
|
Batting: LHB Travis Hahn
|
0-0: Foul Ball, location: 2F 0-1: Ball 1-1: Ball 2-1: Called Strike 2-2: Ground out 6-3 (Groundball, 6, EV 107.5 MPH)
|
Batting: RHB Alexis Graciani
|
0-0: Called Strike 0-1: Hit by Pitch
|
Batting: LHB Matt Urbanek
|
0-0: Ball 1-0: Ball 2-0: Ball 3-0: Base on Balls Alexis Graciani to second
|
Batting: RHB Juan Valadez
|
0-0: Ball 1-0: Swinging Strike 1-1: Called Strike 1-2: Ground out 6-3 (Groundball, 56, EV 105.6 MPH)
|
Top of the 5th over - 0 runs, 0 hits, 0 errors, 2 left on base; York 0 - Canton 1 |
BOTTOM OF THE 5TH |
Canton Indians batting - Pitching for York Revolution : RHP Jamie Gordam
|
Batting: RHB Tacito Carreiro
|
0-0: Ball 1-0: Ball 2-0: Ball 3-0: Called Strike 3-1: Fly out, F8 (Flyball, 8LD, EV 101.9 MPH)
|
Batting: RHB Bill Ortiz
|
0-0: Swinging Strike 0-1: Ball 1-1: Hit by Pitch
|
Batting: RHB Xavier Bartolani
|
0-0: Swinging Strike 0-1: Swinging Strike 0-2: Strikes out swinging
|
Batting: RHB Tony Gonzales
|
0-0: Foul Ball, location: 2F 0-1: Foul Ball, location: 2F 0-2: Ball 1-2: Fielders Choice at 2nd, 5-4 (Groundball, 5, EV 105.0 MPH)
|
Bottom of the 5th over - 0 runs, 0 hits, 0 errors, 1 left on base; York 0 - Canton 1 |
TOP OF THE 6TH |
York Revolution batting - Pitching for Canton Indians : RHP John Bychyk
|
Batting: RHB Tony Perez
|
0-0: Ball 1-0: Foul Ball, location: 2F 1-1: Ball 2-1: Called Strike 2-2: SINGLE (Flyball, 6MD, EV 91.9 MPH)
|
Pitching: LHP Marco Atilano
|
|
Batting: RHB Jose Corral
|
0-0: Called Strike 0-1: Foul Ball, location: 2F 0-2: Ball 1-2: Strikes out swinging
|
Batting: RHB Trent Hedrick
|
0-0: Called Strike 0-1: Swinging Strike 0-2: Foul Ball, location: 2F 0-2: Ball 1-2: Strikes out looking
|
Batting: SHB Steve DeRienzo
|
0-0: Ball 1-0: Foul Ball, location: 2F 1-1: Ball 2-1: Fly out, F6 (Line Drive, 6, EV 70.6 MPH)
|
Top of the 6th over - 0 runs, 1 hit, 0 errors, 1 left on base; York 0 - Canton 1 |
BOTTOM OF THE 6TH |
Canton Indians batting - Pitching for York Revolution : RHP Jamie Gordam
|
Batting: RHB George Wagner
|
0-0: Called Strike 0-1: Ball 1-1: Ball 2-1: Ball 3-1: Ground out 5-3 (Groundball, 5, EV 83.1 MPH)
|
Batting: RHB Aaron Stout
|
0-0: Called Strike 0-1: Foul Ball, location: 2F 0-2: Ball 1-2: Strikes out looking
|
Batting: RHB Adam McMillen
|
0-0: Called Strike 0-1: Foul Ball, location: 2F 0-2: Foul Ball, location: 2F 0-2: Ball 1-2: Ball 2-2: Strikes out looking
|
Bottom of the 6th over - 0 runs, 0 hits, 0 errors, 0 left on base; York 0 - Canton 1 |
TOP OF THE 7TH |
York Revolution batting - Pitching for Canton Indians : LHP Marco Atilano
|
Batting: RHB Eddie Serna
|
0-0: Foul Ball, location: 2F 0-1: Called Strike 0-2: Ball 1-2: Ball 2-2: Fly out, F7 (Flyball, 7S, EV 80.6 MPH)
|
Batting: RHB Joel Gomez
|
0-0: Ball 1-0: Called Strike 1-1: Ball 2-1: Ball 3-1: Called Strike 3-2: SOLO HOME RUN (Flyball, 78XD, EV 113.1 MPH), Distance : 437 ft
|
Batting: RHB Alexis Graciani
|
0-0: Fly out, F9 (Flyball, 9, EV 94.4 MPH)
|
Batting: LHB Matt Urbanek
|
0-0: Ball 1-0: Called Strike 1-1: Foul Ball, location: 2F 1-2: Ball 2-2: DOUBLE (Line Drive, 89D, EV 110.0 MPH)
|
Batting: RHB Juan Valadez
|
0-0: Ball 1-0: Swinging Strike 1-1: Ball 2-1: Swinging Strike 2-2: Foul Ball, location: 2F 2-2: Foul Ball, location: 2F 2-2: Strikes out swinging
|
Top of the 7th over - 1 run, 2 hits, 0 errors, 1 left on base; York 1 - Canton 1 |
BOTTOM OF THE 7TH |
Canton Indians batting - Pitching for York Revolution : RHP Jamie Gordam
|
Pitching: RHP Dave Gomez
|
|
Pinch Hitting: RHB Justin Teague
|
0-0: Called Strike 0-1: Ball 1-1: Ball 2-1: Swinging Strike 2-2: Ball 3-2: Foul Ball, location: 2F 3-2: Base on Balls
|
Pinch Runner at 1st Juan Ordonez:
|
|
Batting: RHB Patrick Pinault
|
0-0: Called Strike Juan Ordonez steals 2nd base 0-1: Foul Ball, location: 2F 0-2: Ball 1-2: Foul Ball, location: 2F 1-2: Foul Ball, location: 2F 1-2: Strikes out swinging
|
Batting: RHB Tacito Carreiro
|
0-0: Ball 1-0: Ball Juan Ordonez steals 3rd base 2-0: Ball 3-0: Called Strike 3-1: Base on Balls
|
Batting: RHB Bill Ortiz
|
0-0: Ball 1-0: Called Strike 1-1: Foul Ball, location: 2F 1-2: Foul Ball, location: 2F 1-2: Ball 2-2: TRIPLE (Flyball, 78XD, EV 104.4 MPH) Juan Ordonez scores Tacito Carreiro scores
|
Batting: RHB Xavier Bartolani
|
0-0: Called Strike 0-1: Swinging Strike 0-2: Ball 1-2: Ball 2-2: Strikes out looking
|
Batting: RHB Tony Gonzales
|
0-0: Ball 1-0: Called Strike 1-1: Ball 2-1: Ball 3-1: Called Strike 3-2: Base on Balls
|
Batting: RHB George Wagner
|
0-0: Foul Ball, location: 2F 0-1: Foul Ball, location: 2F 0-2: Ball 1-2: Ball 2-2: Strikes out looking
|
Bottom of the 7th over - 2 runs, 1 hit, 0 errors, 2 left on base; York 1 - Canton 3 |
TOP OF THE 8TH |
York Revolution batting - Pitching for Canton Indians : LHP Marco Atilano
|
Now in LF: Juan Ordonez
|
|
Batting: RHB Tony Perez
|
0-0: Ball 1-0: Foul Ball, location: 2F 1-1: Ball 2-1: Ball 3-1: Base on Balls
|
Pitching: RHP Kenny Samuels
|
|
Now in LF: Mario Garza
|
|
Now in RF: Juan Ordonez
|
|
Batting: RHB Jose Corral
|
0-0: Ball 1-0: Swinging Strike 1-1: Ball 2-1: Swinging Strike 2-2: Ball 3-2: Fly out, F9 (Flyball, 9, EV 76.9 MPH)
|
Batting: RHB Trent Hedrick
|
0-0: Ball 1-0: Ball 2-0: SINGLE (Groundball, 34, EV 102.5 MPH) Tony Perez to second Runner from 2nd tries for 3rd, SAFE, throw by RF made at trailing runner, OUT! 9-6
|
Batting: SHB Steve DeRienzo
|
0-0: Ball 1-0: Swinging Strike 1-1: Called Strike 1-2: Strikes out looking
|
Top of the 8th over - 0 runs, 1 hit, 0 errors, 1 left on base; York 1 - Canton 3 |
BOTTOM OF THE 8TH |
Canton Indians batting - Pitching for York Revolution : RHP Dave Gomez
|
Batting: RHB Aaron Stout
|
0-0: Ball 1-0: Ball 2-0: Ball 3-0: Base on Balls
|
Pitching: RHP Shamar Hansford
|
|
Batting: RHB Adam McMillen
|
0-0: Fly out, F7 (Flyball, 7LSF, EV 77.5 MPH)
|
Batting: RHB Juan Ordonez
|
0-0: Ball 1-0: Called Strike 1-1: Swinging Strike 1-2: Ball 2-2: Foul Ball, location: 2F 2-2: Ball 3-2: Foul Ball, location: 2F 3-2: Base on Balls Aaron Stout to second
|
Batting: RHB Patrick Pinault
|
0-0: Foul Ball, location: 2F 0-1: Foul Ball, location: 2F 0-2: Strikes out swinging
|
Batting: RHB Tacito Carreiro
|
0-0: Ball 1-0: Foul Ball, location: 2F 1-1: Ball 2-1: Fly out, F8 (Flyball, 8LD, EV 101.2 MPH)
|
Bottom of the 8th over - 0 runs, 0 hits, 0 errors, 2 left on base; York 1 - Canton 3 |
TOP OF THE 9TH |
York Revolution batting - Pitching for Canton Indians : RHP Kenny Samuels
|
Pitching: RHP Chris Gomez
|
|
Batting: RHB Eddie Serna
|
0-0: Foul Ball, location: 2F 0-1: Called Strike 0-2: Ball 1-2: Ball 2-2: Ball 3-2: Fly out, F7 (Flyball, 7D, EV 90.6 MPH)
|
Batting: RHB Joel Gomez
|
0-0: Fly out, F9 (Flyball, 89S, EV 94.4 MPH)
|
Pinch Hitting: RHB Chris Myers
|
0-0: SINGLE (Groundball, 56D, EV 93.8 MPH)
|
Batting: LHB Matt Urbanek
|
0-0: Called Strike 0-1: Swinging Strike 0-2: Foul Ball, location: 2F 0-2: Ball 1-2: DOUBLE (Line Drive, 7LM, EV 86.2 MPH) Chris Myers to third
|
Batting: RHB Juan Valadez
|
0-0: Called Strike 0-1: Ball 1-1: Ball 2-1: Fly out, F9 (Flyball, 9S, EV 88.8 MPH)
|
Top of the 9th over - 0 runs, 2 hits, 0 errors, 2 left on base; York 1 - Canton 3 |
|